 Dungeon Crawl Stone Soup version 0.22-a0-570-g58866f5 (webtiles) character file.

106 vierth the Cudgeler (level 4, -6/43 HPs)
             Began as a Tengu Berserker on June 30, 2018.
             Was a Believer of Trog.
             Mangled by an orc warrior
             ... wielding a +0 halberd
              (15 damage)
             ... on level 3 of the Dungeon.
             The game lasted 00:02:44 (1538 turns).

vierth the Cudgeler (Tengu Berserker)               Turns: 1538, Time: 00:02:45

Health: -6/43      AC:  9    Str: 23    XL:     4   Next: 84%
Magic:  5/5        EV:  7    Int:  8    God:    Trog [**....]
Gold:   97         SH:  0    Dex: 13    Spells: 3/3 levels left

rFire    . . .     SeeInvis .   a - +0 mace
rCold    . . .     Gourm    .   (no shield)
rNeg     . . .     Faith    .   k - -2 plate armour (curse)
rPois    .         Spirit   .   (helmet restricted)
rElec    .         Reflect  .   (no cloak)
rCorr    +         Harm     .   (no gloves)
MR       .....                  (boots unavailable)
Stlth    ..........             d - amulet of inaccuracy (curse)
HPRegen  0.14/turn              i - ring of resist corrosion
MPRegen  0.09/turn              (no ring)

@: berserking, very quick
A: beak, talons 3
a: Berserk, Trog's Hand, Renounce Religion


You were on level 3 of the Dungeon.
You worshipped Trog.
Trog was pleased with you.
You were not hungry.

You visited 1 branch of the dungeon, and saw 3 of its levels.

You collected 97 gold pieces.

Inventory:

Hand Weapons
 a - a +0 mace (weapon)
Armour
 b - a +0 animal skin
 k - a cursed -2 plate armour (worn)
Jewellery
 d - a cursed amulet of inaccuracy (around neck)
 g - a +4 amulet of reflection
 h - an uncursed amulet of guardian spirit {unknown}
 i - a ring of resist corrosion (left hand)
Potions
 e - a potion of magic {unknown}
 f - a potion of haste {unknown}
 j - a potion of curing {unknown}
Comestibles
 c - 3 rations


   Skills:
 + Level 4.1 Fighting
 + Level 4.2 Maces & Flails
 + Level 2.9 Armour
 + Level 2.6 Dodging
 + Level 0.3 Stealth


You had 3 spell levels left.
You didn't know any spells.
Your spell library was empty.

Dungeon Overview and Level Annotations

Branches:
Dungeon (3/15)

Altars:


Innate Abilities, Weirdness & Mutations

You have a beak for a mouth.
You have claws for feet.


Message History

The orc wizard moves out of view.
An orc and an orc warrior come into view.
The orc shouts!
There is an open door here.
The orc warrior hits you from afar with a halberd!!
Ouch! That really hurt!
* * * LOW HITPOINT WARNING * * *
You are too injured to fight recklessly!
You are too injured to fight recklessly!
You are too injured to fight recklessly!
You are too injured to fight recklessly!
You are too injured to fight recklessly!
You are too injured to fight recklessly!
You are too injured to fight recklessly!
Unknown command.
You are too injured to fight recklessly!
A red film seems to cover your vision as you go berserk!
You feel yourself moving faster!
You feel mighty!
You feel a lot more hungry.
The orc warrior hits you from afar with a halberd!
You die...

............#.#
.......######.#######
...................>#
<#......####.########
....########†####
................#
..†.....##....#.#
#.......##....#'######
#.......###.....@o...#
#.......# #..........#
#.......# #......oo..#
#.......# #..........#
#.......# #..........#
....... #..........#
....##+###### ....


You could see an orc warrior, an orc wizard and an orc.

Vanquished Creatures
  Jessica (D:2)
  An orc wizard (D:3)
  An adder (D:2)
  A dart slug (D:1)
  A leopard gecko (D:2)
  4 orcs (D:3)
  A ball python (D:3)
  3 bats
  3 giant cockroaches
  6 goblins
  3 hobgoblins
  5 jackals
  A kobold (D:1)
  5 rats
36 creatures vanquished.

Notes
Turn   | Place    | Note
-------+----------+-------------------------------------------
     0 | D:1      | vierth the Tengu Berserker began the quest for the Orb.
     0 | D:1      | Reached XP level 1. HP: 14/14 MP: 2/2
   161 | D:1      | Reached XP level 2. HP: 19/19 MP: 3/3
   753 | D:2      | Noticed Jessica
   758 | D:2      | Killed Jessica
   758 | D:2      | Reached XP level 3. HP: 24/24 MP: 4/4
  1018 | D:2      | Reached XP level 4. HP: 29/29 MP: 5/5
  1113 | D:2      | Reached ** piety under Trog
  1536 | D:3      | Noticed an orc warrior
  1538 | D:3      | Mangled by an orc warrior

Vault maps used:
D:1:      dpeg_arrival_round_a
D:2:      uniq_jessica
D:3:      minmay_door_path, lemuel_doored_altar, uniq_sigmund

Skill      XL: |  1  2  3  4 |
---------------+-------------+-----
Maces & Flails | 4 |  4.2
Fighting       | 4 |  4.1
Armour         | |  2.9
Dodging        | |  2.6
Stealth        | |  0.3

Action                   |  1- 3 |  4- 6 || total
-------------------------+-------+-------++-------
Melee: Mace              |    42 |    39 ||    81
       Kick              |    10 |    12 ||    22
       Peck              |     2 |     3 ||     5
Invok: Berserk           |       |     2 ||     2
  Use: Scroll            |     3 |     2 ||     5
  Eat: Ration            |       |     1 ||     1
Armor: Plate armour      |    18 |    44 ||    62
       Animal skin       |     3 |       ||     3
Dodge: Dodged            |    15 |    22 ||    37

Table legend:
 A = Spawn XP
 B = Non-spawn XP
 C = Spawn XP percentage of total XP
 D = Spawn monster count
 E = Non-spawn monster count
 F = Spawn count percentage of total count
 G = Total turns spent on level
                    A         B        C        D         E        F      G
               +---------+---------+-------+---------+---------+-------+---------
         Total |       0 |     152 |   0.0 |       0 |      36 |   0.0 |  1538
               +---------+---------+-------+---------+---------+-------+---------
           D:1 |       0 |      23 |   0.0 |       0 |      11 |   0.0 |   644
           D:2 |       0 |      65 |   0.0 |       0 |      11 |   0.0 |   710
           D:3 |       0 |      64 |   0.0 |       0 |      14 |   0.0 |   184
               +---------+---------+-------+---------+---------+-------+---------
